 Dungeon Crawl Stone Soup version 0.13-a0-1553-g7307ddf (webtiles) character file.

220 Kae the Chiller (level 4, -6/33 HPs)
             Began as a Draconian Ice Elementalist on June 10, 2013.
             Was an Initiate of Sif Muna.
             Killed by divine providence
             ... invoked by an orc priest
              (15 damage)
             ... on Level 3 of the Dungeon.
             The game lasted 00:03:54 (1502 turns).

Kae the Chiller (Draconian Ice Elementalist)        Turns: 1502, Time: 00:03:54

HP  -6/33        AC  5     Str 10      XL: 4   Next:  4%
MP   0/8         EV 12     Int 17      God: Sif Muna [......]
Gold 150         SH  0     Dex 11      Spells:  2 memorised,  4 levels left

Res.Fire  : . . .   See Invis. : .   (no weapon)
Res.Cold  : . . .   Warding    : .   (armour unavailable)
Life Prot.: . . .   Conserve   : .   (no shield)
Res.Poison: .       Res.Corr.  : .   (helmet restricted)
Res.Elec. : .       Clarity    : .   (no cloak)
Sust.Abil.: . .     Spirit.Shd : .   (no gloves)
Res.Mut.  : .       Stasis     : .   (no boots)
Res.Rott. : .       Flight     : .   (no amulet)
Saprovore : . . .                    (no ring)
                                     (no ring)

@: slightly resistant to hostile enchantments, unstealthy
A: unfitting armour, AC +5
a: Renounce Religion


You were on level 3 of the Dungeon.
You worshipped Sif Muna.
Sif Muna was noncommittal.
You were near starving.

You visited 1 branch of the dungeon, and saw 3 of its levels.

You collected 130 gold pieces.

Inventory:

Comestibles
 a - 4 rotting chunks of orc flesh
 c - 2 bread rations
 d - a meat ration
 j - a choko
Scrolls
 g - a scroll of amnesia
 h - a scroll of curse weapon {unknown}
 l - a scroll of identify
 m - a scroll of enchant weapon I
Potions
 f - 3 potions of curing
 i - a potion of paralysis {unknown}
 n - a potion of mutation {unknown}
Books
 b - a book of Frost

   Spells                             Type                      Level
   *Freeze                            Ice                          1
   *Throw Frost                       Conjuration/Ice              2
   Ozocubu's Armour                   Charms/Ice                   3
   Throw Icicle                       Conjuration/Ice              4
   Summon Ice Beast                   Ice/Summoning                4
   Condensation Shield                Ice                          4


   Skills:
 - Level 1.7 Dodging
 - Level 1.7 Stealth
 + Level 2.0 Spellcasting
 + Level 2.0 Conjurations
 * Level 4.0 Ice Magic


You had 4 spell levels left.
You knew the following spells:

 Your Spells              Type           Power        Failure   Level  Hunger
a - Freeze                Ice            ###.         3%          1    #......
b - Throw Frost           Conj/Ice       ##....       10%         2    ##.....


Dungeon Overview and Level Annotations

Branches:
Dungeon (3/27)

Altars:
Sif Muna
Yredelemnul


Message History

The orc priest is moderately wounded.
The orc priest closely misses you.
Some of the chunks of flesh in your inventory have completely rotted away.
You hit the orc priest but do no damage.
The orc priest is moderately wounded.
The orc priest mumbles some strange prayers to Beogh against you.
Something smites you!
* * * LOW HITPOINT WARNING * * *
Casting: Freeze
Confirm with . or Enter, or press ? or * to list all spells.
Aiming: Freeze
Press: ? - help, Shift-Dir - straight line, f/p - orc priest
Aim: an orc priest, wielding an orcish mace and wearing an orcish ring mail (moderately wounded)
You freeze the orc priest.
The orc priest is heavily wounded.
You barely miss the orc priest. You tail-slap the orc priest.
The orc priest is heavily wounded.
The orc priest invokes the aid of Beogh against you.
Something smites you!
You die...

######### ####
#..o....##......
#.@####.........
#..####.##.......##
#..#....# .... ...
#..#.##.# ..
#......(# . .
##......# ...
###.#####..# ##
#.......##.######.
#.......#.......#.


You could see an orc priest.

Vanquished Creatures
  An adder (D:3)
  A worm (D:3)
  2 giant geckos (D:1)
  7 orcs (D:3)
  2 goblins
  A hobgoblin (D:2)
  4 jackals
  9 kobolds
  2 quokkas (D:3)
  A ball python (D:2)
  3 bats
  4 giant cockroaches
  4 giant newts
  5 rats
46 creatures vanquished.

Notes
Turn   | Place    | Note
--------------------------------------------------------------
     0 | D:1      | Kae, the Draconian Ice Elementalist, began the quest for the Orb.
     0 | D:1      | Reached XP level 1. HP: 14/14 MP: 3/3
   200 | D:1      | Reached XP level 2. HP: 15/20 MP: 1/4
   205 | D:1      | Learned a level 2 spell: Throw Frost
   779 | D:2      | Found a basalt altar of Yredelemnul.
   895 | D:2      | Reached XP level 3. HP: 26/26 MP: 6/6
  1275 | D:3      | Found a deep blue altar of Sif Muna.
  1305 | D:3      | Became a worshipper of Sif Muna the Loreminder
  1421 | D:3      | Reached skill level 4 in Ice Magic
  1484 | D:3      | Reached XP level 4. HP: 27/33 MP: 2/8
  1502 | D:3      | Killed from afar by an orc priest

Action                   |  1- 3 |  4- 6 || total
-------------------------+-------+-------++-------
Melee: Unarmed           |   112 |     9 ||   121
 Cast: Freeze            |    55 |     4 ||    59
       Throw Frost       |     2 |       ||     2
  Use: Scroll            |     9 |       ||     9
       Potion            |     1 |     1 ||     2
 Stab: Sleeping          |     2 |       ||     2
